 Dungeon Crawl Stone Soup version 0.28.0 (webtiles) character file.

Game seed: 12337872348794783533

5 jjjjhere the Sneak (level 1, 0/18 HPs)
             Began as a Hill Orc Brigand on Feb 8, 2022.
             Slain by a hobgoblin (2 damage)
             ... on level 1 of the Dungeon.
             The game lasted 00:00:23 (127 turns).

jjjjhere the Sneak (Hill Orc Brigand)                Turns: 127, Time: 00:00:24

Health: 0/18       AC:  3    Str: 13    XL:     1   Next: 80%
Magic:  1/1        EV: 11    Int: 11    God:
Gold:   20         SH:  0    Dex: 12    Spells: 0/0 levels left

rFire   . . .      SeeInvis .   a - +2 dagger
rCold   . . .      Faith    .   (no shield)
rNeg    . . .      Spirit   .   b - +0 robe
rPois   .          Reflect  .   (no helmet)
rElec   .          Harm     .   c - +0 cloak
rCorr   .          Rampage  .   (no gloves)
Will    .....                   (no boots)
Stlth   ++........              (no amulet)
HPRegen 0.06/turn               (no ring)
MPRegen 0.07/turn               (no ring)

@: no status effects
A: no striking features
a: no special abilities


You were on level 1 of the Dungeon.
You visited 1 branch of the dungeon, and saw 1 of its levels.

You collected 20 gold pieces.

Inventory:

Hand Weapons
 a - a +2 dagger (weapon)
 f - a +0 hand axe
Missiles
 d - 8 poisoned darts (quivered)
 e - 2 curare-tipped darts
Armour
 b - a +0 robe (worn)
 c - a +0 cloak (worn)
Potions
 g - a potion of curing {unknown}


   Skills:
 - Level 2.4 Fighting
 - Level 2.0 Short Blades
 + Level 1.8 Axes
 - Level 1.7 Throwing
 - Level 0.7 Dodging
 - Level 3.2 Stealth


You couldn't memorise any spells.
You didn't know any spells.
Your spell library contained the following spells:

 Spells                   Type           Power      Damage    Failure   Level
 Apportation              Tloc           0%         N/A       34%         1
 Ozocubu's Armour         Ice            0%         N/A       71%         3
 Alistair's Intoxication  Tmut/Pois      0%         N/A       100%        5
 Ozocubu's Refrigeration  Ice            0%         4d5       100%        7


Dungeon Overview and Level Annotations

Branches:
Dungeon (1/15)

Altars:


Message History

You hit the kobold.
You kill the kobold!
A quokka comes into view.
The goblin hits you but does no damage.
Your Axes skill increases to level 1!
You hit the goblin.
You kill the goblin!
You hit the quokka but do no damage.
The quokka bites you but does no damage.
You closely miss the quokka. The hobgoblin closely misses you.
The quokka barely misses you.
You hit the quokka but do no damage. The hobgoblin barely misses you.
The quokka closely misses you.
You barely miss the quokka.
The hobgoblin hits you but does no damage.
The quokka barely misses you.
You hit the quokka.
The quokka is moderately wounded.
The quokka bites you.
The hobgoblin hits you but does no damage.
You hit the quokka.
The quokka is severely wounded.
The quokka bites you. The hobgoblin closely misses you.
You hit the quokka but do no damage.
The quokka is severely wounded.
The quokka bites you.
* * * LOW HITPOINT WARNING * * *
The hobgoblin completely misses you.
You hit the quokka.
You kill the quokka!
The hobgoblin barely misses you.
You closely miss the hobgoblin.
The hobgoblin hits you but does no damage.
You hit the hobgoblin but do no damage. The hobgoblin misses you.
You closely miss the hobgoblin. You hit the hobgoblin but do no damage.
The hobgoblin hits you.
* * * LOW HITPOINT WARNING * * *
Found a stone staircase leading down.
The hobgoblin hits you.
You die...

.#........#..........# #.....
..........#..........######.###.
##.#......#.................# #.
.........................#.####.
##.#....##...#.###..##.###.# #..
#.#.#..####...###.....# #..##..
# #..................## ##....#
##.....##........#..# #..#.
#...#.......@.......## ##....
#...#.........g....##..###...##
...###..........##.#...........
..## ####.....)....#..........#
#. ##.)...###....#........
#)#...##..#..##..#'#..
#.#.......#...####⌠###
#.#.........8. +⌠<⌠+
..#...###..... ##⌠##


You could see a hobgoblin.

Vanquished Creatures
  An endoplasm (D:1)
  A goblin (D:1)
  A kobold (D:1)
  A quokka (D:1)
4 creatures vanquished.

Notes
Turn   | Place    | Note
-------+----------+-------------------------------------------
     0 | D:1      | jjjjhere the Hill Orc Brigand began the quest for the Orb.
     0 | D:1      | Reached XP level 1. HP: 18/18 MP: 1/1
   111 | D:1      | Reached skill level 1 in Axes
   118 | D:1      | HP: 4/18 [quokka (3)]
   123 | D:1      | HP: 2/18 [hobgoblin (2)]
   127 | D:1      | Slain by a hobgoblin

Illustrated notes

Levels and vault maps discovered:
D:1:      grunt_arrival_crossed_arrows, layout_rooms

Skill      XL: |  1 |
---------------+----+-----
Axes           | 1 |  1.8
Fighting       | |  2.4
Short Blades   | |  2.0
Throwing       | |  1.7
Dodging        | |  0.7
Stealth        | |  3.2

Action                   || total
-------------------------++-------
Melee: Dagger            ||    24
 Stab: Sleeping          ||     1
Armor: Robe              ||    13
Dodge: Dodged            ||    12
